 Dungeon Crawl Stone Soup version 0.30.0-30-g96aa6591b8 (webtiles) character file.

Game seed: 16120296037103962372

61 booth the Conjurer (level 3, -1/26 HPs)
             Began as a Draconian Conjurer on June 29, 2023.
             Was a Believer of Vehumet.
             Slain by a gnoll
             ... wielding a +0 spear
              (5 damage)
             ... on level 2 of the Dungeon.
             The game lasted 00:11:38 (1612 turns).

booth the Conjurer (Draconian Conjurer)             Turns: 1612, Time: 00:11:39

Health: -1/26      AC:  6    Str:  9    XL:     3   Next: 83%
Magic:  5/6        EV: 12    Int: 20    God:    Vehumet [**....]
Gold:   68         SH:  0    Dex:  9    Spells: 1/7 levels left

rFire   . . .        c - +0 dagger
rCold   . . .        (no shield)
rNeg    . . .        (body armour unavailable)
rPois   .            (helmet restricted)
rElec   .            (no cloak)
rCorr   +            (no gloves)
SInv    .            h - +0 pair of boots
Will    .....        b - amulet of the acrobat
Stlth   ++           g - ring of resist corrosion
HPRegen 0.24/turn    (no ring)
MPRegen 0.10/turn

%: acrobat
@: lethally poisoned (-1 -> -3)
A: AC +5, unfitting armour, cold-blooded
a: Renounce Religion


You were on level 2 of the Dungeon.
You worshipped Vehumet.
Vehumet was pleased with you.
You visited 1 branch of the dungeon, and saw 2 of its levels.

You collected 68 gold pieces.

Inventory:

Hand Weapons
 c - a +0 dagger (weapon)
Missiles
 f - a throwing net
Armour
 h - a +0 pair of boots (worn)
Jewellery
 b - an amulet of the acrobat (around neck)
 g - a ring of resist corrosion (left hand)
Potions
 a - a potion of magic
 d - a potion of berserk rage
 e - a potion of degeneration {unknown}


   Skills:
 + Level 2.4 Dodging
 + Level 2.4 Stealth
 + Level 2.5 Spellcasting
 + Level 4.4 Conjurations


You had one spell level left.
You knew the following spells:

 Your Spells              Type           Power      Damage    Failure   Level
a - Magic Dart            Conj           80%        1d7       2%          1
b - Searing Ray           Conj           40%        2d5       3%          2
c - Foxfire               Conj/Fire      44%        2x1d6     6%          1
d - Poisonous Vapours     Pois/Air       4%         N/A       22%         2

Your spell library contained the following spells:

 Spells                   Type           Power      Damage    Failure   Level
 Dazzling Flash           Conj/Hex       22%        N/A       19%         3
 Fulminant Prism          Conj/Hex       5%         3d7       52%         4
 Iskenderun's Mystic Bla  Conj/Tloc      11%        2d4       52%         4


Dungeon Overview and Level Annotations

Branches:
Dungeon (2/15)

Altars:
Vehumet


Innate Abilities, Weirdness & Mutations

Your plain brown scales are hard. (AC +5)
You cannot fit into any form of body armour.
You are cold-blooded and may be slowed by cold attacks.


Message History

The gnoll hits you with a +0 spear.
You closely miss the gnoll.
Your tail-slap misses the gnoll.
The gnoll is moderately wounded.
The adder closely misses you. The gnoll barely misses you. The adder bites you.
You are poisoned.
The adder poisons you!
You barely miss the gnoll.
The gnoll is moderately wounded.
You feel sick. The gnoll hits you with a +0 spear.
The frilled lizard barely misses you. The adder bites you.
You are more poisoned.
The adder poisons you!
You hit the gnoll.
The gnoll is moderately wounded.
You feel sick. The adder bites you but does no damage. The gnoll misses you.
The frilled lizard closely misses you.
You hit the gnoll.
The gnoll is moderately wounded.
You feel sick. The adder misses you. The gnoll closely misses you.
The frilled lizard barely misses you. The adder bites you but does no damage.
You hit the gnoll but do no damage. You tail-slap the gnoll.
The gnoll is heavily wounded.
You feel sick. The gnoll hits you but does no damage.
The frilled lizard barely misses you. The adder bites you but does no damage.
Casting: Foxfire (safe; 6% risk of failure)
Confirm with . or Enter, or press ? or * to list all spells.
Aiming: Magic Dart (safe; 2% risk of failure)
Press: ? - help, Shift-Dir - straight line, f - adder
Aim: an adder (moderately wounded, 100% to hit)
The magic dart hits the adder.
The adder is severely wounded.
You feel sick. The adder bites you but does no damage.
The gnoll hits you with a +0 spear.
* * * LOW HITPOINT WARNING * * *
The frilled lizard bites you but does no damage.
You closely miss the gnoll. You tail-slap the gnoll.
The gnoll is heavily wounded.
You feel sick. The adder bites you but does no damage.
The gnoll hits you with a +0 spear.
You die...

.# # ....# ##.
....# . #.(###...#
.# #. ...#..#
####. #. ##....#
... .. #Sl...# #.#
#.
#@###.#####.#####.
#g# #...........#.
#.###.......###.#.
#.....####### #...
####### ####


You could see a gnoll, an adder and a frilled lizard.

Vanquished Creatures
  2 gnolls (D:2)
  A worm (D:2)
  4 ball pythons
  An endoplasm (D:1)
  2 giant cockroaches
  6 goblins
  4 hobgoblins
  3 kobolds
  2 quokkas (D:1)
  4 bats (D:1)
  7 frilled lizards
  5 rats
41 creatures vanquished.

Vanquished Creatures (others)
  22 foxfires
22 creatures vanquished.

Grand Total: 63 creatures vanquished

Notes
Turn   | Place    | Note
-------+----------+-------------------------------------------
     0 | D:1      | booth the Draconian Conjurer began the quest for the Orb.
     0 | D:1      | Reached XP level 1. HP: 14/14 MP: 3/3
   235 | D:1      | Reached XP level 2. HP: 20/20 MP: 3/5
   238 | D:1      | Learned a level 2 spell: Searing Ray
   681 | D:1      | Found a faded altar of an unknown god.
   704 | D:1      | Prayed at the altar of an unknown god.
   704 | D:1      | Became a worshipper of Vehumet
   704 | D:1      | Reached * piety under Vehumet
   704 | D:1      | Offered knowledge of Foxfire by Vehumet.
   707 | D:1      | Learned a level 1 spell: Foxfire
  1185 | D:2      | Reached XP level 3. HP: 26/26 MP: 3/6
  1577 | D:2      | Reached ** piety under Vehumet
  1577 | D:2      | Offered knowledge of Poisonous Vapours by Vehumet.
  1581 | D:2      | Learned a level 2 spell: Poisonous Vapours
  1612 | D:2      | Slain by a gnoll

Illustrated notes

Levels and vault maps discovered:
D:1:      wander_arrival_desolate, layout_loops_corners,
          hellmonk_ecumenical_altar_run_dry
D:2:      layout_loops_ring, uniq_sigmund

Skill      XL: |  1 |
---------------+----+-----
Stealth        | 2 |  2.4
Dodging        | 2 |  2.4
Spellcasting   | |  2.5
Conjurations   | |  4.4

Action                     || total
---------------------------++-------
  Melee: Dagger            ||    53
         Tailslap          ||    10
   Cast: Magic Dart        ||    38
         Foxfire           ||    12
         Searing Ray       ||     2
    Use: Scroll            ||     2
         Potion            ||     1
 Armour: Skin              ||    25
  Dodge: Dodged            ||    51
